 Dungeon Crawl Stone Soup version 0.25.0 (webtiles) character file.

Game seed: 2806791036023381566

40281 lepoulpe303 the Grappler (level 13, -1/127 HPs)
             Began as a Troll Monk on June 12, 2020.
             Was the Champion of Cheibriados.
             Slain by an orange demon (8 damage)
             ... on level 6 of the Lair of Beasts.
             The game lasted 00:47:36 (12783 turns).

lepoulpe303 the Grappler (Troll Monk)              Turns: 12783, Time: 00:47:36

Health: -1/127     AC: 12    Str: 39    XL:     13   Next: 73%
Magic:  16/20      EV: 18    Int: 21    God:    Cheibriados [******]
Gold:   2787       SH:  5    Dex: 29    Spells: 12/12 levels left

rFire    . . .     SeeInvis .     - Unarmed
rCold    . . .     Gourm    +   (no shield)
rNeg     . . .     Faith    .   a - +0 robe
rPois    +         Spirit   .   R - +1 hat
rElec    .         Reflect  +   j - +0 cloak
rCorr    .         Harm     .   (gloves unavailable)
MR       .....                  (boots unavailable)
Stlth    +++.......             K - amulet of reflection
HPRegen  0.71/turn              y - +4 ring of protection
MPRegen  0.17/turn              P - ring of poison resistance

@: lethally poisoned (-1 -> -3), about to teleport, weakened, very slow
A: large, unfitting armour, claws 3, fast metabolism 3, gourmand, regeneration
1, shaggy fur 1, tough skin 3
a: Bend Time, Temporal Distortion, Slouch, Step From Time, Renounce Religion


You were on level 6 of the Lair of Beasts.
You worshipped Cheibriados.
Cheibriados was exalted by your worship.
You were completely stuffed.

You visited 2 branches of the dungeon, and saw 15 of its levels.
You also visited: Volcano.

You collected 2787 gold pieces.

Inventory:

Missiles
 h - 2 throwing nets {=f}
 k - 53 poisoned darts
 O - 3 large rocks {!d}
 Q - 330 stones (quivered)
Armour
 a - a +0 robe (worn)
 j - a +0 cloak (worn)
 m - a +1 hat
 R - a +1 hat (worn)
Jewellery
 x - the ring "Seoh" {rN+ Int+2 Stlth+}
   (You found it on level 4 of the Dungeon)

   [ring of stealth]

   It affects your intelligence (+2).
   It protects you from negative energy.
   It makes you more stealthy.
 y - a +4 ring of protection (left claw)
 K - an amulet of reflection (around neck)
 P - a ring of poison resistance (right claw)
Wands
 b - a wand of flame (35)
 o - a wand of disintegration (22)
 D - a wand of paralysis (11)
 I - a wand of polymorph (10)
 M - a wand of enslavement (13)
 N - a wand of acid (4)
Scrolls
 f - 5 scrolls of fog
 i - 3 scrolls of identify
 p - a scroll of enchant weapon
 t - 2 scrolls of teleportation
 u - 3 scrolls of immolation {!r}
 v - a scroll of amnesia {unknown}
 w - 9 scrolls of remove curse
 z - a scroll of acquirement
 A - a scroll of noise {unknown}
 B - 2 scrolls of blinking {!r}
 H - a scroll of enchant armour
 J - 2 scrolls of random uselessness {unknown}
 L - a scroll of magic mapping {unknown}
Potions
 c - a potion of ambrosia
 d - a potion of might
 g - 3 potions of lignification {!q}
 l - 5 potions of heal wounds
 n - 2 potions of resistance
 q - 4 potions of curing
 r - a potion of cancellation
 s - a potion of flight
 C - 5 potions of stabbing
 E - 2 potions of invisibility
 F - 3 potions of mutation {!q}
 G - 3 potions of brilliance
Comestibles
 e - 35 rations
 S - 3 chunks of flesh


   Skills:
 + Level 8.3 Fighting
 + Level 8.6 Throwing
 + Level 8.2 Dodging
 - Level 1.0 Stealth
 * Level 13.0 Unarmed Combat
 * Level 11.5 Invocations


You had 12 spell levels left.
You didn't know any spells.
Your spell library contained the following spells:

 Spells                   Type           Power        Failure   Level  Hunger
 Corona                   Hex            #......      19%         1    ##.....
 Slow                     Hex            #.......     26%         2    ###....
 Inner Flame              Hex/Fire       #.......     47%         3    ####...
 Portal Projectile        Hex/Tloc       #.....       47%         3    ####...
 Cause Fear               Hex            #.........   87%         4    #####..
 Leda's Liquefaction      Hex/Erth       #.........   87%         4    #####..


Dungeon Overview and Level Annotations

Branches:
Dungeon (9/15)             Temple (0/1) D:4            Lair (6/6) D:9
  Swamp (0/4) Lair:3        Snake (0/4) Lair:3        Slime (0/5) Lair:6
Volcano (visited)
    Orc: D:9-12

Altars:
Ashenzari
Cheibriados
Hepliaklqana
Kikubaaqudgha
Makhleb
Trog
Uskayaw
Wu Jian
Xom
Zin
Jiyva

Shops:
D:6 *   D:9 %

Annotations:
Lair:3 exclusion: oklob plant


Innate Abilities, Weirdness & Mutations

You are too large for most types of armour.
You have claws for hands.
Your metabolism is lightning-fast.
You like to eat raw meat.
Your natural rate of healing is unusually fast.
You are covered in fur. (AC +1)
You have extremely tough skin. (AC +3)


Message History

The orange demon stings you from afar.
* * * LOW HITPOINT WARNING * * *
The hell hound closely misses you.
You regained 10 hp, and now have 29/127 hp.
You scratch the hell hound but do no damage.
You feel sick. The hell hound bites you.
* * * LOW HITPOINT WARNING * * *
The orange demon closely misses you.
You take 7 damage, and have 22/127 hp.
You mangle the hell hound!!
You kill the hell hound!
You feel sick. The smoke demon gestures at you. Something smites you!
* * * LOW HITPOINT WARNING * * *
You take 14 damage, and have 8/127 hp.
As you read the scroll of teleportation, it crumbles to dust.
You feel strangely unstable.
You feel sick. The orange demon stings you from afar!
You die...

♣♣.÷♣♣♣ ♣♣...♣♣♣♣ ♣♣♣♣..
♣♣..♣♣ ♣♣♣....♣♣♣...♣♣ ♣....♣
♣♣♣.......♣♣ #######''######
♣♣♣P♣♣.♣♣
#.............#########+♣♣♣♣♣
#....8....8...#........
#.............'...8.8..
###############..8.#...
.....(.#@..8.#.. ♣
4.....(#†.#.8... ♣.
.._4.3.4...#.8.. ♣.
.§....3#..8.8... ♣♣
≈§.....#........
§≈≈≈############ ≈≈≈ ##


You could see an orange demon and a smoke demon.

Levels and vault maps discovered:
D:1:      wander_arrival_lonely_grave, layout_loops_ring, chequers_garden
D:2:      layout_loops_ring, zin_treasury, gammafunk_temple_overflow_elements
D:3:      layout_rooms, chequers_ecumenical_altar_simple
D:4:      layout_rooms, kennysheep_mini, lemuel_doored_altar,
          minmay_temple_entry_wispy, serial_aquarium, aquarium_bridge_square
          [aquarium_subvault_wall, aquarium_subvault_wall,
          aquarium_subvault_bridge, aquarium_subvault_window],
          aquarium_bridge_square [aquarium_subvault_window,
          aquarium_subvault_bridge, aquarium_subvault_bridge,
          aquarium_subvault_wall], aquarium_window_2, aquarium_window_1,
          aquarium_view_2b, minmay_misc_feat_five, minivault_25
D:5:      layout_basic, lemuel_crystal_altar, nicolae_overflow_crystal_walls,
          first_ration, chequers_serial_rivers_micro_c, corexii_corridor_pit,
          chequers_serial_rivers_micro_b
D:6:      layout_basic, dancing_weapons_uskayaw, serial_shops,
          nicolae_shop_crystal, uniq_grinder
D:7:      layout_rooms, uniq_menkaure
D:8:      wander_river, layout_rooms, lemuel_round_altar,
          nicolae_overflow_hidden_temple, grunt_pizzeria
D:9:      layout_roguey, grunt_lair_entry_orc_guard_hut, serial_shops,
          kennysheep_mini_moat, corexii_checkpoint_a
Lair:1:   layout_gridlike, ebering_ghost_disaster_area, lemuel_fruit_fields
Lair:2:   layout_chaotic_city, cheibrodos_lair_lostbears
Lair:3:   lemuel_slime, layout_misc_corridors, swamp_mist,
          guppyfry_snake_entry_island, infiniplex_staircase_pool
Lair:4:   layout_long_grid
Lair:5:   layout_regular_city, gammafunk_ghost_necromancy,
          nicolae_volcano_entry_hallway, beast_lair_carwin_8, uniq_snorg
Lair:6:   evil_forest, layout_regular_city, slime_altar_1,
          minmay_another_anthill, lemuel_fruit_tree

Notes
Turn   | Place    | Note
-------+----------+-------------------------------------------
     0 | D:1      | lepoulpe303 the Troll Monk began the quest for the Orb.
     0 | D:1      | Reached XP level 1. HP: 22/22 MP: 0/0
    28 | D:1      | Identified a +0 dagger
   106 | D:1      | Identified a +0 club
   194 | D:1      | Identified a +0 club
   198 | D:1      | Reached XP level 2. HP: 29/29 MP: 1/1
   305 | D:1      | Identified a +0 whip
   625 | D:1      | Identified a +0 cloak (You found it on level 1 of the
                  | Dungeon)
   696 | D:2      | Identified a +0 dagger
   722 | D:2      | Identified a +0 club
   804 | D:2      | Reached skill level 1 in Throwing
   804 | D:2      | Reached XP level 3. HP: 30/36 MP: 2/2
   850 | D:2      | Identified a +1 hat (You found it on level 2 of the
                  | Dungeon)
   890 | D:2      | Found a snail-covered altar of Cheibriados.
   890 | D:2      | Found an ancient bone altar of Kikubaaqudgha.
   893 | D:2      | Became a worshipper of Cheibriados the Contemplative
   893 | D:2      | Reached * piety under Cheibriados
   893 | D:2      | Reached ** piety under Cheibriados
  1009 | D:2      | Identified a +0 short sword
  1063 | D:2      | Reached XP level 4. HP: 42/44 MP: 3/3
  1132 | D:2      | Found a glowing silver altar of Zin.
  1170 | D:2      | Reached skill level 4 in Unarmed Combat
  1339 | D:2      | Identified a +0 club
  1343 | D:2      | Identified a +0 club
  1527 | D:3      | Identified a +0 club
  1533 | D:3      | Identified a cursed -2 chain mail
  1539 | D:3      | Identified a +0 hand axe
  1542 | D:3      | Identified a +0 club
  1545 | D:3      | Identified a +0 club
  1623 | D:3      | Reached skill level 3 in Fighting
  1626 | D:3      | Reached *** piety under Cheibriados
  1642 | D:3      | Identified a +0 whip
  1642 | D:3      | Identified a +0 leather armour
  1723 | D:3      | Reached skill level 3 in Dodging
  1789 | D:3      | Identified a +0 short sword
  1789 | D:3      | Identified a +0 ring mail
  1800 | D:3      | Identified a +0 dagger
  1800 | D:3      | Identified a cursed +0 robe
  1807 | D:3      | Identified a +0 trident
  1810 | D:3      | Reached XP level 5. HP: 53/53 MP: 4/4
  1861 | D:3      | Found a faded altar of an unknown god.
  1949 | D:3      | Identified a +0 dagger
  2218 | D:4      | Identified a +0 short sword
  2243 | D:4      | Identified a +0 dagger
  2243 | D:4      | Identified a +0 robe
  2244 | D:4      | Identified a +0 dagger
  2247 | D:4      | Reached skill level 2 in Throwing
  2247 | D:4      | Reached skill level 1 in Invocations
  2248 | D:4      | Identified a +0 leather armour
  2285 | D:4      | Identified a +0 mace
  2285 | D:4      | Identified a +0 dagger
  2286 | D:4      | Identified a +0 hand axe
  2290 | D:4      | Reached **** piety under Cheibriados
  2298 | D:4      | Found a shimmering altar of Xom.
  2323 | D:4      | Got a steaming marble ring
  2359 | D:4      | Identified a +0 hand axe
  2370 | D:4      | Reached XP level 6. HP: 48/61 MP: 5/5
  2378 | D:4      | Identified a cursed -3 mace
  2378 | D:4      | Identified a +0 dagger
  2378 | D:4      | Identified a +0 robe
  2378 | D:4      | Identified a +0 club
  2449 | D:4      | Reached skill level 5 in Unarmed Combat
  2548 | D:4      | Identified a +0 giant club
  2556 | D:4      | Reached skill level 2 in Invocations
  2577 | D:4      | Found a staircase to the Ecumenical Temple.
  2695 | D:4      | Found a burning altar of Makhleb.
  2849 | D:4      | Identified a +0 giant spiked club
  2855 | D:4      | Reached XP level 7. HP: 67/67 MP: 7/7
  3038 | D:5      | Entered Level 5 of the Dungeon
  3038 | D:5      | Identified a +0 trident
  3038 | D:5      | Identified a +0 ring mail
  3040 | D:5      | Identified a +0 dagger
  3040 | D:5      | Identified a +0 robe
  3052 | D:5      | Identified a +0 flail
  3052 | D:5      | Identified a +0 scale mail
  3124 | D:5      | Reached skill level 3 in Invocations
  3221 | D:5      | Found a bloodstained altar of Trog.
  3242 | D:5      | Reached skill level 3 in Throwing
  3284 | D:5      | Reached skill level 6 in Unarmed Combat
  3296 | D:5      | Identified a +0 dagger
  3296 | D:5      | Identified a +0 robe
  3296 | D:5      | Identified a +0 ring mail
  3298 | D:5      | Identified a +0 dagger
  3330 | D:5      | Found an ornate altar of the Wu Jian Council.
  3425 | D:5      | Identified a +0 flail
  3425 | D:5      | Identified a +0 leather armour
  3589 | D:5      | Identified a +0 mace
  3589 | D:5      | Identified a +0 leather armour
  3631 | D:5      | Reached XP level 8. HP: 78/78 MP: 9/9
  3747 | D:5      | Reached ***** piety under Cheibriados
  3869 | D:5      | Reached skill level 4 in Fighting
  3869 | D:5      | Reached skill level 4 in Dodging
  3933 | D:6      | Found a hide-covered altar of Uskayaw.
  3935 | D:6      | Identified a +0 hand axe
  3935 | D:6      | Noticed a +0 hand axe
  3936 | D:6      | Identified a cursed -2 dagger
  3936 | D:6      | Noticed a -2 dagger
  4016 | D:6      | Noticed Grinder
  4181 | D:6      | Identified a +0 shortbow
  4192 | D:6      | Reached skill level 4 in Invocations
  4262 | D:6      | Identified a cursed +0 halberd
  4262 | D:6      | Identified a +0 whip
  4306 | D:6      | Identified a +0 dagger
  4312 | D:6      | Identified a +0 dagger
  4312 | D:6      | Identified a +0 robe
  4314 | D:6      | Identified a +1 vampiric dagger
  4314 | D:6      | Identified a +0 falchion
  4314 | D:6      | Identified a +0 scale mail
  4484 | D:6      | Identified a cursed -3 giant club
  4720 | D:6      | Found Rinuxioch's General Store.
  4730 | D:6      | Identified 10 scrolls of identify
  4730 | D:6      | Identified 4 potions of brilliance
  4731 | D:6      | Identified 2 potions of stabbing
  4732 | D:6      | Identified 3 potions of resistance
  4733 | D:6      | Identified 3 potions of curing
  4734 | D:6      | Identified 2 potions of heal wounds
  4735 | D:6      | Identified a potion of mutation
  4736 | D:6      | Identified a potion of flight
  4737 | D:6      | Identified a potion of berserk rage
  4738 | D:6      | Identified 4 scrolls of remove curse
  4739 | D:6      | Identified a ring of protection (You found it on level 5 of
                  | the Dungeon)
  4740 | D:6      | Identified the ring "Seoh" {rN+ Int+2 Stlth+} (You found it
                  | on level 4 of the Dungeon)
  5089 | D:6      | Killed Grinder
  5089 | D:6      | Reached skill level 7 in Unarmed Combat
  5121 | D:7      | Identified a +0 spear
  5121 | D:7      | Identified a +0 robe
  5123 | D:7      | Identified a +0 trident
  5123 | D:7      | Identified a +0 robe
  5146 | D:7      | Identified a +0 hand axe
  5149 | D:7      | Identified a +0 dagger
  5149 | D:7      | Identified a +0 robe
  5151 | D:7      | Identified a cursed -2 dagger
  5151 | D:7      | Identified a +0 robe
  5154 | D:7      | Identified a +2 dagger of venom
  5154 | D:7      | Identified a cursed -1 leather armour
  5164 | D:7      | Reached XP level 9. HP: 79/85 MP: 11/11
  5177 | D:7      | Noticed Menkaure
  5183 | D:7      | Reached skill level 4 in Throwing
  5188 | D:7      | Identified a +0 shortbow
  5190 | D:7      | Killed Menkaure
  5190 | D:7      | Reached skill level 5 in Invocations
  5236 | D:7      | Identified a +0 dagger
  5237 | D:7      | Identified a cursed +5 dagger
  5237 | D:7      | Identified a +0 robe
  5238 | D:7      | Identified a +0 dagger
  5238 | D:7      | Identified a cursed +0 robe
  5240 | D:7      | Identified a +0 dagger
  5240 | D:7      | Identified a +0 robe
  5627 | D:8      | Identified a +0 chain mail
  5628 | D:8      | Identified a +0 short sword
  5641 | D:8      | Identified an amulet of guardian spirit (You found it on
                  | level 7 of the Dungeon)
  5642 | D:8      | Identified a +0 dagger
  5642 | D:8      | Identified a +0 robe
  5663 | D:8      | Identified a +0 war axe
  5663 | D:8      | Identified the +1 leather armour of Gewynt {+Blink}
  5796 | D:8      | Reached skill level 5 in Fighting
  5827 | D:8      | Found a hazy altar of Hepliaklqana.
  5831 | D:8      | Reached ****** piety under Cheibriados
  5831 | D:8      | Reached skill level 8 in Unarmed Combat
  5836 | D:8      | Identified an amulet of reflection (You found it on level 8
                  | of the Dungeon)
  5839 | D:8      | Identified 4 scrolls of immolation
  5840 | D:8      | Identified a potion of invisibility
  5869 | D:8      | Identified a +0 dagger
  5879 | D:8      | Reached skill level 5 in Dodging
  5879 | D:8      | Reached skill level 6 in Invocations
  5938 | D:8      | Found a shattered altar of Ashenzari.
  6179 | D:9      | Identified a +0 dagger
  6179 | D:9      | Identified a +0 robe
  6184 | D:9      | Identified a +0 dagger
  6184 | D:9      | Identified a +0 robe
  6184 | D:9      | Identified a +0 whip
  6184 | D:9      | Identified a +0 leather armour
  6185 | D:9      | Identified a +0 short sword
  6267 | D:9      | Reached XP level 10. HP: 79/96 MP: 13/13
  6272 | D:9      | Reached skill level 5 in Throwing
  6358 | D:9      | Identified a +0 whip
  6358 | D:9      | Identified a +0 ring mail
  6359 | D:9      | Identified a +0 dagger
  6359 | D:9      | Identified a +0 ring mail
  6424 | D:9      | Identified a +0 glaive
  6424 | D:9      | Identified a +0 chain mail
  6456 | D:9      | Identified a +0 shortbow
  6456 | D:9      | Identified a cursed ring of attention
  6519 | D:9      | Found a staircase to the Lair.
  6536 | D:9      | Identified a +0 shortbow
  6555 | D:9      | Reached skill level 7 in Invocations
  6561 | D:9      | Found Jitoed Geuko's Food Shop.
  6706 | D:9      | Identified a +0 spear
  6706 | D:9      | Identified a +0 scale mail
  6706 | D:9      | Identified a +0 spear
  6709 | D:9      | Identified a +0 spear
  6710 | D:9      | Identified a +0 spear
  6718 | D:9      | Reached skill level 9 in Unarmed Combat
  6958 | D:9      | Identified 5 scrolls of fog
  6959 | D:9      | Identified 4 scrolls of enchant weapon
  6960 | D:9      | Identified 4 scrolls of teleportation
  7009 | Lair:1   | Entered Level 1 of the Lair of Beasts
  7316 | Lair:1   | Reached skill level 6 in Fighting
  7391 | Lair:1   | Found a large runed translucent door.
  7391 | Lair:1   | Found a large runed translucent door.
  7395 | Lair:1   | Noticed Kono's ghost (journeyman FoFi)
  7768 | Lair:1   | Killed Kono's ghost
  7768 | Lair:1   | Reached skill level 6 in Dodging
  7768 | Lair:1   | Reached XP level 11. HP: 88/105 MP: 15/15
  7832 | Lair:2   | Reached skill level 8 in Invocations
  7878 | Lair:2   | Reached skill level 6 in Throwing
  8044 | Lair:2   | Reached skill level 10 in Unarmed Combat
  8498 | Lair:2   | Identified a ring of poison resistance (You found it on
                  | level 2 of the Lair of Beasts)
  8500 | Lair:2   | Identified a potion of ambrosia
  8501 | Lair:2   | Identified a potion of cancellation
  8502 | Lair:2   | Identified 2 potions of lignification
  8547 | Lair:3   | Identified 2 scrolls of acquirement
  8793 | Lair:3   | Found a staircase to the Swamp.
  9117 | Lair:3   | Found a staircase to the Snake Pit.
  9229 | Lair:3   | Noticed an oklob plant
  9511 | Lair:4   | Reached skill level 9 in Invocations
  9665 | Lair:4   | Reached skill level 11 in Unarmed Combat
  9761 | Lair:4   | Reached XP level 12. HP: 108/115 MP: 18/18
  9901 | Lair:4   | Reached skill level 7 in Fighting
 10023 | Lair:4   | Identified 2 scrolls of blinking
 10024 | Lair:4   | Identified a scroll of enchant armour
 10100 | Lair:5   | Reached skill level 7 in Throwing
 10123 | Lair:5   | Reached skill level 7 in Dodging
 10138 | Lair:5   | Found a dark tunnel.
 10165 | Lair:5   | Noticed a five-headed hydra
 10198 | Volcano  | Entered a volcano
 10266 | Volcano  | Noticed a hell hog
 10275 | Volcano  | Killed a hell hog
 10337 | Volcano  | Noticed a fire dragon
 10347 | Volcano  | Killed a fire dragon
 10347 | Volcano  | Reached skill level 10 in Invocations
 10742 | Lair:5   | Reached skill level 12 in Unarmed Combat
 10857 | Lair:5   | You fall into a shaft and drop 1 floor!
 10857 | Lair:6   | Entered Level 6 of the Lair of Beasts
 10857 | Lair:6   | Noticed an eight-headed hydra
 10866 | Lair:6   | Killed a ten-headed hydra
 10982 | Lair:5   | Found a runed translucent gate.
 10983 | Lair:5   | Found a runed translucent gate.
 10983 | Lair:5   | Found a runed translucent gate.
 11325 | Lair:5   | Noticed Snorg
 11334 | Lair:5   | Killed Snorg
 11342 | Lair:5   | Killed a five-headed hydra
 11342 | Lair:5   | Reached XP level 13. HP: 99/127 MP: 19/19
 11602 | Lair:5   | Noticed Hairutzoic's ghost (journeyman MiBe)
 11673 | Lair:5   | Reached skill level 8 in Throwing
 11695 | Lair:5   | Killed Hairutzoic's ghost
 11809 | Lair:5   | Identified a +1 hat (You found it on level 5 of the Lair of
                  | Beasts)
 11926 | Lair:6   | Reached skill level 11 in Invocations
 11953 | Lair:6   | Found a staircase to the Slime Pits.
 11953 | Lair:6   | Found a viscous altar of Jiyva.
 12060 | Lair:6   | Reached skill level 8 in Fighting
 12159 | Lair:6   | Reached skill level 8 in Dodging
 12734 | Lair:6   | Identified a +0 dagger
 12734 | Lair:6   | Identified a +0 robe
 12740 | Lair:6   | Reached skill level 13 in Unarmed Combat
 12752 | Lair:6   | Found a burning altar of Makhleb.
 12775 | Lair:6   | HP: 31/127 [hell hound (7)]
 12776 | Lair:6   | Identified a +0 trident
 12780 | Lair:6   | HP: 31/127 [hell hound/blast of flame (15)]
 12782 | Lair:6   | HP: 8/127 [smoke demon/divine providence (14)]
 12783 | Lair:6   | Slain by an orange demon

Table legend:
 A = Turns spent in this place as a percentage of turns spent in the entire game.
 B = Non-inter-level travel turns spent in this place as a percentage of non-inter-level travel turns spent in the entire game.
 C = Inter-level travel turns spent in this place as a percentage of turns spent in this place.
 D = Turns resting spent in this place as a percentage of non-inter-level travel turns spent in this place.
 E = Turns spent auto-exploring this place as a percentage of non-inter-level travel turns spent in this place.
 F = Non-inter-level travel turns spent in this place divided by the number of levels of this place that you've seen.
                   A       B       C       D       E      F
               +-------+-------+-------+-------+-------+----------------------
         Total | 100.0 | 100.0 |   5.4 |   6.6 |  70.6 | 755.4
       Dungeon |  54.8 |  54.6 |   5.9 |   1.5 |  78.4 | 733.1
          Lair |  43.2 |  43.3 |   5.2 |  13.2 |  63.2 | 872.7
       Volcano |   2.0 |   2.1 |   0.0 |   3.2 |  22.9 | 253.0
               +-------+-------+-------+-------+-------+----------------------

Table legend:
 A = Kills in this place as a percentage of kills in entire the game.
 B = Kills by you in this place as a percentage of kills by you in the entire game.
 C = Kills by friends in this place as a percentage of kills by friends in the entire game.
 D = Other kills in this place as a percentage of other kills in the entire game.
 E = Experience gained in this place as a percentage of experience gained in the entire game.
 F = Experience gained in this place divided by the number of levels of this place that you have seen.
                   A       B       C       D       E      F
               +-------+-------+-------+-------+-------+----------------------
         Total | 100.0 | 100.0 |   N/A | 100.0 | 100.0 | 3596.6
       Dungeon |  55.7 |  55.8 |   N/A |   0.0 |  15.1 | 967.9
          Lair |  41.4 |  41.3 |   N/A | 100.0 |  78.1 | 7490.7
       Volcano |   2.9 |   2.9 |   N/A |   0.0 |   6.8 | 3890.0
               +-------+-------+-------+-------+-------+----------------------

Skill      XL: |  1  2  3  4  5  6  7  8  9 10 11 12 13 |
---------------+----------------------------------------+-----
Throwing       | 1 2 3 4 5 6 7 8 |  8.6
Unarmed Combat | 4 5 6 7 8 9 11 12 13 | 13.0
Fighting       | 3 4 5 6 7 8 |  8.3
Dodging        | 3 4 5 6 7 8 |  8.2
Invocations    | 1 2 3 4 6 7 9 10 11 | 11.5
Stealth        | |  1.0

Action                   |  1- 3 |  4- 6 |  7- 9 | 10-12 | 13-15 || total
-------------------------+-------+-------+-------+-------+-------++-------
Melee: Unarmed           |    60 |   109 |   194 |   371 |   167 ||   901
       Punch             |       |     5 |     8 |    30 |    25 ||    68
Throw: Stone             |    14 |    95 |   138 |    52 |   244 ||   543
       Dart              |     9 |     7 |       |       |       ||    16
       Boomerang         |       |       |   110 |   153 |       ||   263
       Large rock        |       |       |       |     7 |     1 ||     8
       Throwing net      |       |       |       |     5 |       ||     5
Invok: Bend Time         |       |       |     2 |     1 |       ||     3
       Slouch            |       |       |       |       |     1 ||     1
  Use: Scroll            |       |       |    13 |    10 |     3 ||    26
       Potion            |       |       |       |     2 |     2 ||     4
 Stab: Sleeping          |     5 |     1 |       |     1 |       ||     7
       Distracted        |       |       |       |     1 |       ||     1
       Held in net/web   |       |       |       |     1 |       ||     1
  Eat: Chunk             |    15 |    10 |    24 |    33 |    11 ||    93
Armor: Robe              |    20 |    46 |    40 |   125 |    29 ||   260
Dodge: Dodged            |    25 |    57 |    96 |   291 |   112 ||   581
Block: Other             |       |       |     8 |   103 |    27 ||   138
       Reflection        |       |       |       |     1 |     1 ||     2

Vanquished Creatures
  The ghost of Hairutzoic the Fighter, a journeyman MiBe of Trog (Lair:5)
  Snorg (Lair:5)
  A fire dragon (Volcano)
  The ghost of Kono the Cleaver, a journeyman FoFi of Hepliaklqana (Lair:1)
  3 hydras
  A hell hog (Volcano)
  A sixfirhy (Lair:6)
  A spectral death yak (Lair:5)
  A spectral hydra (Lair:5)
  A wizard (Lair:6)
  5 black mambas
  12 elephants
  4 rime drakes
  3 spiny frogs (Lair:6)
  5 komodo dragons
  11 polar bears
  Grinder (D:6)
  9 hippogriffs
  6 dream sheep (Lair:6)
  11 blink frogs
  2 spectral dream sheep (Lair:5)
  39 yaks
  A spriggan (D:8)
  3 wyverns
  9 fire bats (Volcano)
  2 basilisks (Lair:1)
  Menkaure (D:7)
  10 water moccasins
  4 hell hounds
  2 ice beasts
  An orc warrior (D:9)
  10 porcupines
  2 sky beasts
  3 ogres
  6 wolves (Lair:5)
  4 centaurs
  9 crocodiles
  A big kobold (D:8)
  10 bullfrogs
  A gnoll sergeant (D:9)
  5 scorpions
  11 killer bees
  3 wights (D:7)
  4 crimson imps
  A bullfrog zombie (D:7)
  6 hounds
  13 orc wizards
  3 orc priests
  2 bullfrog skeletons
  3 centaur skeletons
  An iguana (D:6)
  7 worker ants
  17 hell rats
  A killer bee zombie (D:9)
  2 hound skeletons
  8 adders
  7 gnolls
  2 shadow imps
  An ooze (D:7)
  An adder skeleton (D:4)
  2 worms
  2 dart slugs
  4 leopard geckos
  35 orcs
  6 giant cockroaches
  5 hobgoblins
  2 jackals (D:7)
  2 quokkas
  14 bats
  5 frilled lizards
  9 goblins
  A jackal skeleton (D:5)
  A jackal zombie (D:7)
  9 kobolds
  A leopard gecko skeleton (D:4)
  3 quokka skeletons
  A quokka zombie (D:5)
  13 rats
412 creatures vanquished.

Vanquished Creatures (others)
  An orange demon (Lair:6)
  21 fungi
  2 plants
24 creatures vanquished.

Grand Total: 436 creatures vanquished
